 Dungeon Crawl Stone Soup version 0.16.2-3-ga078185 (webtiles) character file.

310 gorblad the Skirmisher (level 6, -3/39 HPs)
             Began as a Gargoyle Chaos Knight on Sept 8, 2015.
             Slain by gorblad's ghost (10 damage)
             ... on level 4 of the Dungeon.
             The game lasted 00:10:07 (3108 turns).

gorblad the Skirmisher (Gargoyle Chaos Knight)      Turns: 3108, Time: 00:10:07

Health: -3/39      AC: 14    Str: 16    XL:     6   Next: 41%
Magic:  6/6        EV: 12    Int: 13    God:    Xom [..*...]
Gold:   113        SH:  0    Dex: 10    Spells: 0 memorised, 5 levels left

rFire  + . .     SeeInvis .     a - +1 spear (chaos)
rCold  . . .     Clarity  .     s - +2 leather armour {rF+}
rNeg   + . .     SustAb   .     (no shield)
rPois  ∞         Gourm    .     h - +0 helmet
rElec  +         Spirit   .     k - +1 cloak
rCorr  .         Warding  .     l - +0 pair of gloves
rMut   .         Stasis   .     (no boots)
MR     .....                    (no amulet)
Stlth  +.........               (no ring)
                                (no ring)

@: not resistant to hostile enchantments, very unstealthy
A: negative energy resistance 1, electricity resistance, unbreathing,
petrification resistance, rot immunity, AC +4
a: Renounce Religion


You were on level 4 of the Dungeon.
You worshipped Xom.
You were a toy of Xom.
You were not hungry.

You visited 1 branch of the dungeon, and saw 4 of its levels.

You collected 113 gold pieces.

Inventory:

Hand weapons
 a - a +1 spear of chaos (weapon)
 m - a +3 quarterstaff of chaos
 y - a +0 hand crossbow
Missiles
 n - a throwing net (quivered)
Armour
 b - a +2 leather armour
 h - a +0 helmet (worn)
 k - a +1 cloak (worn)
 l - a +0 pair of gloves (worn)
 q - a +0 pair of gloves
 s - a +2 leather armour of fire resistance (worn)
 x - a +0 plate armour
 B - a +0 helmet
Magical devices
 j - a wand of polymorph (8)
Scrolls
 d - 4 scrolls of remove curse
 o - a scroll of teleportation
 t - a scroll of fog
 u - a scroll of identify
Potions
 e - a potion of brilliance
 f - 3 potions of flight
 i - 2 potions of degeneration {unknown}
 p - a potion of curing {unknown}
 r - a potion of magic {unknown}
 v - 2 potions of restore abilities {unknown}
 z - a potion of poison {unknown}
Comestibles
 c - 2 bread rations
 g - 2 meat rations
 A - 5 chunks of flesh


   Skills:
 + Level 4.7 Fighting
 + Level 4.1 Polearms
 + Level 3.0 Armour
 + Level 2.7 Dodging
 + Level 1.4 Stealth


You had 5 spell levels left.
You didn't know any spells.

Dungeon Overview and Level Annotations

Branches:
Dungeon (4/15)
 Temple: D:4-7

Altars:
Cheibriados
Fedhas
Gozag
Kikubaaqudgha
Okawaru
Qazlal
Sif Muna
Xom
Zin
The Shining One

Annotations:
D:4 gorblad's ghost, average TrCK


Innate Abilities, Weirdness & Mutations

You are resistant to torment.
You are immune to poison.
Your stone body is very resilient (AC +4).
You resist negative energy.
You are resistant to electric shocks.
You can survive without breathing.
You are immune to petrification.
You are immune to rotting.


Message History

You detect nothing.
Gorblad's ghost hits you!
You barely miss gorblad's ghost.
Gorblad's ghost is moderately damaged.
Gorblad's ghost hits you!
You closely miss gorblad's ghost.
Gorblad's ghost is moderately damaged.
Gorblad's ghost barely misses you.
You closely miss gorblad's ghost.
Gorblad's ghost is moderately damaged.
Gorblad's ghost hits you.
* * * LOW HITPOINT WARNING * * *
Zapping:
j - a wand of polymorph {zapped: 3} (will waste charges)
Press: ? - help, Shift-Dir - straight line, f - gorblad's ghost
Aim: gorblad's ghost (moderately damaged, chance 34%) Gorblad's ghost is unaffected.
Evoking this partially-identified wand wasted a few charges.
Gorblad's ghost complains, "You're an easy kill, but not a fun one."
Gorblad's ghost hits you!
You die...
Xom cackles wildly!

# #...# #.# #
#####÷### #.#
###.....# ##.#
....##### # ##..#
.#### #. .# #.<## .#
#######...# #.## .##
#....÷....#### #.#
..###<#####..[.W.###.#
.........# .##@..#.#
.........## ###..†#
####......# #...#
#..)...# #...#
#......# #...#
#......# #...#
##.###..... #...# #..#
.... ##### #.## .


You could see gorblad's ghost.

Vanquished Creatures
  A hound (D:4)
  An orc priest (D:3)
  Crazy Yiuf (D:2)
  An orc wizard (D:4)
  Jessica (D:2)
  A hound skeleton (D:4)
  Terence (D:2)
  3 gnolls (D:3)
  An adder (D:3)
  2 worms (D:4)
  A giant gecko (D:2)
  12 orcs
  8 hobgoblins
  7 kobolds
  2 oozes (D:1)
  3 ball pythons
  9 bats
  5 giant cockroaches
  A giant newt (D:1)
  13 goblins
  9 jackals
  8 rats
91 creatures vanquished.

Notes
Turn   | Place    | Note
--------------------------------------------------------------
     0 | D:1      | gorblad, the Gargoyle Chaos Knight, began the quest for the Orb.
     0 | D:1      | Reached XP level 1. HP: 14/14 MP: 1/1
    95 | D:1      | Reached XP level 2. HP: 9/19 MP: 2/2
   290 | D:1      | Reached skill level 1 in Dodging
   352 | D:1      | Reached XP level 3. HP: 24/24 MP: 3/3
   911 | D:2      | Noticed Crazy Yiuf
   917 | D:2      | Killed Crazy Yiuf
   917 | D:2      | Reached skill level 4 in Fighting
   917 | D:2      | Reached XP level 4. HP: 29/29 MP: 4/4
   985 | D:2      | Noticed Terence
  1015 | D:2      | Killed Terence
  1145 | D:2      | Noticed Jessica
  1146 | D:2      | Found a shimmering altar of Xom.
  1151 | D:2      | Killed Jessica
  1197 | D:2      | Found a stormy altar of Qazlal.
  1278 | D:2      | XOM: colour smoke trail
  1562 | D:3      | Found a glowing golden altar of the Shining One.
  1658 | D:3      | Found an ancient bone altar of Kikubaaqudgha.
  1785 | D:3      | Reached XP level 5. HP: 33/33 MP: 5/5
  1850 | D:3      | Found a snail-covered altar of Cheibriados.
  2066 | D:3      | XOM: silly message
  2253 | D:3      | Found an iron altar of Okawaru.
  2324 | D:3      | XOM: mild Fire miscast
  2500 | D:3      | Found a blossoming altar of Fedhas.
  2503 | D:3      | Found a glowing silver altar of Zin.
  2504 | D:3      | Found a deep blue altar of Sif Muna.
  2506 | D:3      | Found an opulent altar of Gozag.
  2760 | D:4      | Reached skill level 1 in Stealth
  2805 | D:4      | XOM: harmless Fire miscast
  2841 | D:4      | Reached XP level 6. HP: 28/39 MP: 6/6
  2854 | D:4      | XOM: divination: magic mapping
  3095 | D:4      | Noticed gorblad's ghost (average TrCK)
  3104 | D:4      | XOM: divination: detect creatures
  3108 | D:4      | Slain by gorblad's ghost

Action                   |  1- 3 |  4- 6 || total
-------------------------+-------+-------++-------
Melee: Spear             |   113 |   250 ||   363
Evoke: Wand              |       |     1 ||     1
  Use: Scroll            |     2 |     7 ||     9
 Stab: Petrifying        |     3 |     3 ||     6
       Confused          |       |     2 ||     2
       Paralysed         |       |     1 ||     1
  Eat: Bread ration      |       |     2 ||     2
       Chunk             |       |     1 ||     1
